 Dungeon Crawl Stone Soup version 0.22.0-16-gc6d26f69f9 (webtiles) character file.

577 Kniotic the Charmwright (level 7, -7/56 HPs)
             Began as a Gnoll Skald on Aug 17, 2018.
             Killed by divine providence
             ... invoked by an orc priest
              (8 damage)
             ... on level 4 of the Dungeon.
             The game lasted 00:11:26 (3993 turns).

Kniotic the Charmwright (Gnoll Skald)               Turns: 3993, Time: 00:11:28

Health: -7/56      AC: 11    Str: 15    XL:     7   Next: 35%
Magic:  15/15      EV:  6    Int: 16    God:
Gold:   80         SH:  0    Dex: 14    Spells: 16/17 levels left

rFire    . . .     SeeInvis .   t - +0 trident
rCold    . . .     Gourm    .   (no shield)
rNeg     . . .     Faith    .   c - +0 plate armour
rPois    .         Spirit   .   (no helmet)
rElec    .         Reflect  .   (no cloak)
rCorr    .         Harm     .   (no gloves)
MR       .....                  (no boots)
Stlth    ..........             k - amulet of regeneration
HPRegen  0.58/turn              (no ring)
MPRegen  0.14/turn              (no ring)

@: no status effects
A: distributed training, fangs 1, strong nose
a: no special abilities


You were on level 4 of the Dungeon.
You were not hungry.

You visited 1 branch of the dungeon, and saw 4 of its levels.
You also visited: Sewer.

You collected 80 gold pieces.

Inventory:

Hand Weapons
 t - a +0 trident (weapon)
Armour
 b - a +0 leather armour
 c - a +0 plate armour (worn)
Jewellery
 k - an amulet of regeneration (around neck)
Wands
 a - a wand of digging (6)
Scrolls
 g - a scroll of identify
 j - a scroll of enchant armour {unknown}
 l - 2 scrolls of remove curse {unknown}
 n - a scroll of magic mapping {unknown}
 o - a scroll of immolation {unknown}
 r - a scroll of teleportation {unknown}
Potions
 e - a potion of mutation
 h - a potion of curing
 i - a potion of brilliance
 m - a potion of ambrosia {unknown}
 p - a potion of berserk rage {unknown}
 q - 2 potions of flight {unknown}
 s - a potion of degeneration {unknown}
 u - a potion of haste {unknown}
Comestibles
 d - 5 rations


   Skills:
 + Level 5.2 Fighting
 + Level 2.3 Short Blades
 + Level 2.3 Long Blades
 + Level 2.3 Axes
 + Level 2.3 Maces & Flails
 + Level 5.2 Polearms
 + Level 2.3 Staves
 + Level 2.3 Slings
 + Level 2.3 Bows
 + Level 2.3 Crossbows
 + Level 2.3 Throwing
 + Level 3.5 Armour
 + Level 5.2 Dodging
 + Level 2.3 Stealth
 + Level 2.3 Shields
 + Level 2.3 Unarmed Combat
 + Level 5.5 Spellcasting
 + Level 1.9 Conjurations
 + Level 1.9 Hexes
 + Level 5.8 Charms
 + Level 1.9 Summonings
 + Level 1.9 Necromancy
 + Level 1.9 Translocations
 + Level 1.9 Transmutations
 + Level 1.9 Fire Magic
 + Level 1.9 Ice Magic
 + Level 1.9 Air Magic
 + Level 1.9 Earth Magic
 + Level 1.9 Poison Magic
 + Level 2.6 Invocations
 + Level 2.3 Evocations


You had 16 spell levels left.
You knew the following spells:

 Your Spells              Type           Power        Failure   Level  Hunger
a - Infusion              Chrm           ###.         69%         1    None

Your spell library contained the following spells:

 Spells                   Type           Power        Failure   Level  Hunger
 Regeneration             Chrm/Necr      ###.......   100%        3    ###....
 Shroud of Golubria       Chrm/Tloc      ###.......   97%         2    #......
 Song of Slaying          Chrm           ###.....     83%         2    #......
 Spectral Weapon          Hex/Chrm       ###.....     100%        3    ###....


Dungeon Overview and Level Annotations

Branches:
Dungeon (4/15)
 Temple: D:4-7

Altars:
Kikubaaqudgha


Innate Abilities, Weirdness & Mutations

Your experience applies equally to all skills.
You have very sharp teeth.
Your uncanny sense of smell can sniff out nearby items.


Message History

The orc priest hits you but does no damage.
You hit the orc priest.
The orc priest is moderately wounded.
The orc priest hits you with a hand axe of electrocution.
You barely miss the orc priest.
The orc priest is moderately wounded.
The orc priest calls upon Beogh to heal the orc priest.
The orc priest's wounds heal themselves!
The orc priest hits you with a hand axe of electrocution.
You hit the orc priest but do no damage.
The orc priest hits you but does no damage.
You are electrocuted!
* * * LOW HITPOINT WARNING * * *
You hit the orc priest.
The orc priest is moderately wounded.
The orc priest calls upon Beogh to heal the orc priest.
The orc priest's wounds heal themselves!
The orc priest calls down the wrath of Beogh upon you.
Beogh smites you!
You die...

∆ #..........))#
.#.#######..#.#
...Z.>..#### ##.#.#
............ #.#.#
............ ..#.#
....../.....######.####
##.........o'oo#......#
#.........o##o#.#.##.#
#..........##@#.#..#.#
....... #.# #..#.#
....... #.# ##.#.#
####### #.# #.#.# #.#
#.#.# #.# ..#.#
#.######.####
#........(..#
#####.#####.#


You could see 3 orc priests.

Vanquished Creatures
  Grinder (D:4)
  A big kobold (Sewer)
  A howler monkey (D:4)
  An orc priest (D:4)
  An orc wizard (D:3)
  A worker ant (D:1)
  3 gnolls (D:2)
  3 river rats
  An adder (D:3)
  2 oozes
  7 worms
  4 dart slugs
  A leopard gecko (D:3)
  9 orcs
  3 ball pythons
  7 giant cockroaches
  8 goblins
  5 hobgoblins
  6 jackals
  12 kobolds
  7 bats
  3 frilled lizards
  A leopard gecko skeleton (D:4)
  12 rats
100 creatures vanquished.

Notes
Turn   | Place    | Note
-------+----------+-------------------------------------------
     0 | D:1      | Kniotic the Gnoll Skald began the quest for the Orb.
     0 | D:1      | Reached XP level 1. HP: 20/20 MP: 6/6
   109 | D:1      | Reached XP level 2. HP: 26/26 MP: 7/7
  1092 | D:2      | Reached XP level 3. HP: 27/31 MP: 9/9
  1172 | D:1      | Reached skill level 5 in Spellcasting
  1172 | D:1      | Reached skill level 1 in Invocations
  1470 | D:2      | Reached skill level 1 in Short Blades
  1470 | D:2      | Reached skill level 1 in Long Blades
  1470 | D:2      | Reached skill level 1 in Axes
  1470 | D:2      | Reached skill level 1 in Maces & Flails
  1470 | D:2      | Reached skill level 1 in Staves
  1470 | D:2      | Reached skill level 1 in Slings
  1470 | D:2      | Reached skill level 1 in Bows
  1470 | D:2      | Reached skill level 1 in Crossbows
  1470 | D:2      | Reached skill level 1 in Throwing
  1470 | D:2      | Reached skill level 1 in Stealth
  1470 | D:2      | Reached skill level 1 in Shields
  1470 | D:2      | Reached skill level 1 in Unarmed Combat
  1470 | D:2      | Reached skill level 1 in Evocations
  1475 | D:2      | Reached XP level 4. HP: 37/38 MP: 11/11
  1783 | D:2      | Reached skill level 1 in Conjurations
  1783 | D:2      | Reached skill level 1 in Hexes
  1783 | D:2      | Reached skill level 1 in Summonings
  1783 | D:2      | Reached skill level 1 in Necromancy
  1783 | D:2      | Reached skill level 1 in Translocations
  1783 | D:2      | Reached skill level 1 in Transmutations
  1783 | D:2      | Reached skill level 1 in Fire Magic
  1783 | D:2      | Reached skill level 1 in Ice Magic
  1783 | D:2      | Reached skill level 1 in Air Magic
  1783 | D:2      | Reached skill level 1 in Earth Magic
  1783 | D:2      | Reached skill level 1 in Poison Magic
  2610 | D:3      | Reached XP level 5. HP: 39/43 MP: 12/12
  3426 | D:4      | Noticed an ogre
  3430 | D:4      | Reached XP level 6. HP: 41/50 MP: 13/13
  3459 | D:4      | Noticed Grinder
  3460 | D:4      | Found an ancient bone altar of Kikubaaqudgha.
  3531 | D:4      | Paralysed by Grinder for 2 turns
  3545 | D:4      | Killed Grinder
  3545 | D:4      | Reached skill level 5 in Fighting
  3545 | D:4      | Reached skill level 5 in Polearms
  3545 | D:4      | Reached skill level 5 in Dodging
  3579 | D:4      | Reached XP level 7. HP: 51/56 MP: 15/15
  3629 | D:4      | Found a glowing drain.
  3657 | Sewer    | Entered a sewer
  3872 | Sewer    | Found a white marble altar of Elyvilon.
  3992 | D:4      | HP: 1/56 [orc priest/hand axe of electrocution (19)]
  3993 | D:4      | Killed from afar by an orc priest

Skill      XL: |  1  2  3  4  5  6 |
---------------+-------------------+-----
Spellcasting   | 5 |  5.5
Invocations    | 1 2 |  2.6
Short Blades   | 1 2 |  2.3
Long Blades    | 1 2 |  2.3
Axes           | 1 2 |  2.3
Maces & Flails | 1 2 |  2.3
Staves         | 1 2 |  2.3
Slings         | 1 2 |  2.3
Bows           | 1 2 |  2.3
Crossbows      | 1 2 |  2.3
Throwing       | 1 2 |  2.3
Stealth        | 1 2 |  2.3
Shields        | 1 2 |  2.3
Unarmed Combat | 1 2 |  2.3
Evocations     | 1 2 |  2.3
Conjurations   | 1 |  1.9
Hexes          | 1 |  1.9
Summonings     | 1 |  1.9
Necromancy     | 1 |  1.9
Translocations | 1 |  1.9
Transmutations | 1 |  1.9
Fire Magic     | 1 |  1.9
Ice Magic      | 1 |  1.9
Air Magic      | 1 |  1.9
Earth Magic    | 1 |  1.9
Poison Magic   | 1 |  1.9
Armour         | 3 |  3.5
Fighting       | 5 |  5.2
Polearms       | 5 |  5.2
Dodging        | 5 |  5.2
Charms         | |  5.8

Action                   |  1- 3 |  4- 6 |  7- 9 || total
-------------------------+-------+-------+-------++-------
Melee: Spear             |   149 |   277 |       ||   426
       Bite              |    22 |    42 |    13 ||    77
       Punch             |       |     2 |       ||     2
       Trident           |       |    60 |   180 ||   240
Evoke: Wand              |       |       |     1 ||     1
  Use: Scroll            |       |     4 |     1 ||     5
       Potion            |       |     1 |     2 ||     3
  Eat: Chunk             |     2 |     7 |     2 ||    11
Armor: Plate armour      |    99 |   136 |   174 ||   409
Dodge: Dodged            |    37 |    77 |    87 ||   201
